 Dungeon Crawl Stone Soup version 0.30-a0-177-g1cb5dbfd7a (webtiles) character file.

Game seed: 12874232453002882780

25 lunkers the Cudgeller (level 3, -2/27 (29) HPs)
             Began as a Meteoran Reaver on Oct 3, 2022.
             Was a Follower of Qazlal.
             Killed from afar by a white imp (5 damage)
             ... with a puff of frost
             ... on level 5 of the Dungeon.
             The game lasted 00:03:46 (418 turns).

lunkers the Cudgeller (Meteoran Reaver)              Turns: 418, Time: 00:03:47

HP:   -2/27 (29)    AC:  5    Str: 15    XL:     3   Next: 35%
MP:   7/8           EV: 11    Int: 15    God:    Qazlal [*.....]
Gold: 30            SH:  1    Dex: 12    Spells: 4/7 levels left

rFire   . . .      SeeInvis .    a - +0 mace
rCold   . . .      Faith    .    (no shield)
rNeg    . . .      Spirit   .    g - +0 ring mail
rPois   .          Reflect  .    (no helmet)
rElec   .          Harm     .    (no cloak)
rCorr   .          Rampage  .    (no gloves)
Will    .....                    (no boots)
Stlth   ..........               (no amulet)
HPRegen 0.24/turn                (no ring)
MPRegen 0.11/turn                (no ring)

@: immotile, glowing, drained
A: sense surroundings 1, otherworldly, glowing, explore regen
a: Renounce Religion


You were on level 5 of the Dungeon.
You worshipped Qazlal.
Qazlal was aware of your devotion.
You visited 1 branch of the dungeon, and saw 5 of its levels.

You collected 30 gold pieces.

Inventory:

Hand Weapons
 a - a +0 mace (weapon)
Armour
 b - a +0 leather armour
 g - a +0 ring mail (worn)
Scrolls
 c - a scroll of amnesia {unknown}
 e - a scroll of noise {unknown}
 f - a scroll of immolation {unknown}
 h - a scroll of poison {unknown}
 k - a scroll of acquirement {unknown}
Potions
 d - a potion of magic {unknown}
 i - a potion of heal wounds {unknown}
 j - a potion of might {unknown}


   Skills:
 - Level 2.1 Fighting
 * Level 5.5 Maces & Flails
 - Level 2.4 Dodging
 - Level 2.6 Spellcasting
 - Level 3.6 Conjurations


You had 4 spell levels left.
You knew the following spells:

 Your Spells              Type           Power      Damage    Failure   Level
b - Momentum Strike       Conj/Tloc      14%        3d8       30%         2
p - Kiss of Death         Conj/Necr      28%        2d7       21%         1

Your spell library contained the following spells:

 Spells                   Type           Power      Damage    Failure   Level
 Hailstorm                Conj/Ice       7%         3d4       52%         3


Dungeon Overview and Level Annotations

Branches:
Dungeon (5/15) Zot: 2577
 Temple: D:4-7

Altars:
Qazlal


Innate Abilities, Weirdness & Mutations

You passively map a small area around you.
You are easily found by Zot.
You glow in the dark.
You regain HP and MP as you explore.


Message History

The goblin dies!
You are unable to move.
You cannot move.
You start waiting.
You are no longer robbed of momentum.
You start waiting.
Your magical contamination has completely faded away.
You now have 30 gold pieces (gained 14).
Things that are here:
a +0 dagger; a goblin corpse
Found a stone staircase leading down.
There is a stone staircase leading down here.
There is a stone staircase leading down here.
You climb downwards.
There is a stone staircase leading up here.
Okay, then.
Casting: Momentum Strike (quite dangerous; 30% risk of failure)
Confirm with . or Enter, or press ? or * to list all spells.
The spell is quite dangerous to miscast (30% risk of failure)!
Continue anyway?
Aiming: Momentum Strike (quite dangerous; 30% risk of failure)
Press: ? - help, Dir - move target, f - white imp
Aim: a white imp (68% to hit)
The concentrated momentum hits the white imp!
You are unable to move.
The white imp gestures at you. The puff of frost hits you.
The white imp gestures at you. The puff of frost hits you.
The white imp shouts, "Scamper home, thou simpering rude-growing strumpet!"
The white imp gestures at you. The puff of frost hits you!
* * * LOW HITPOINT WARNING * * *
The white imp gestures at you. The puff of frost hits you!
* * * LOW HITPOINT WARNING * * *
You completely miss the white imp.
The white imp is heavily wounded.
The white imp gestures at you. The puff of frost hits you.
You die...

* ,
.............#
* *
,.............#
, *
............#
,, .,
#.......... * *
* ..
#........#* ...
#.......#
#...#...5...# *
#.....@...# ,
###....ยง..#
#..<....# *
#.......#
#########


You could see a white imp.

Vanquished Creatures
  An adder (D:2)
  A ball python (D:1)
  3 endoplasms
  A giant cockroach (D:2)
  3 goblins
  A hobgoblin (D:1)
  3 kobolds (D:1)
13 creatures vanquished.

Vanquished Creatures (others)
  A goblin (D:4)
1 creature vanquished.

Grand Total: 14 creatures vanquished

Notes
Turn   | Place    | Note
-------+----------+-------------------------------------------
     0 | D:1      | lunkers the Meteoran Reaver began the quest for the Orb.
     0 | D:1      | Reached XP level 1. HP: 17/17 MP: 5/5
    33 | D:1      | Found a faded altar of an unknown god.
    45 | D:1      | Reached XP level 2. HP: 13/22 MP: 6/6
    76 | D:1      | Prayed at the altar of an unknown god.
    76 | D:1      | Became a worshipper of Qazlal Stormbringer
    76 | D:1      | Reached * piety under Qazlal
   181 | D:2      | Reached skill level 5 in Maces & Flails
   217 | D:2      | Reached XP level 3. HP: 13/26 MP: 6/8
   335 | D:3      | Learned a level 2 spell: Momentum Strike
   409 | D:5      | Entered Level 5 of the Dungeon
   418 | D:5      | Killed from afar by a white imp

Illustrated notes

Levels and vault maps discovered:
D:1:      psy_arrival_statuary, layout_basic, basic_ecumenical_altar
D:2:      layout_basic
D:3:      layout_loops_ring, uniq_terence
D:4:      layout_basic, minmay_temple_entry_hall
D:5:      layout_rooms, uniq_blork_the_orc, uniq_sigmund

Skill      XL: |  1  2 |
---------------+-------+-----
Maces & Flails | 5 |  5.5
Fighting       | |  2.1
Dodging        | |  2.4
Spellcasting   | |  2.6
Conjurations   | |  3.6

Action                   || total
-------------------------++-------
Melee: Mace              ||    30
 Cast: Kiss of Death     ||     3
       Momentum Strike   ||     2
Armor: Leather armour    ||     6
       Ring mail         ||     2
Dodge: Dodged            ||    15

Table legend: (Time is in decaauts)
 A = Elapsed time spent in this place.
 B = Non-inter-level travel time spent in this place.
 C = Inter-level travel time spent in this place.
 D = Time resting spent in this place.
 E = Time spent auto-exploring this place.
 F = Levels seen in this place.
 G = Mean time per level.
                   A        B        C        D        E       F      G
               +--------+--------+--------+--------+--------+-----+--------+
         Total |    421 |    394 |     27 |      7 |     22 |   5 |   84.2 |
       Dungeon |    421 |    394 |     27 |      7 |     22 |   5 |   84.2 |
               +--------+--------+--------+--------+--------+-----+--------+

Top non-repeatable levels by time:
     D:2: 155 daAuts
     D:1: 148 daAuts
     D:4: 57 daAuts
     D:3: 50 daAuts
     D:5: 8 daAuts
